TOP OF THE 1ST |
Ft. Polk South Thunder Hawks batting - Pitching for Springfield Shooters : RHP Gerald Keller
|
Pitching: RHP Gerald Keller
|
|
Batting: RHB Jorge Flores
|
0-0: Foul Ball, location: 2F 0-1: Ball 1-1: Ball 2-1: Ball 3-1: Ground out 6-3 (Groundball, 6)
|
Batting: RHB Augusto Escobar
|
0-0: Fly out, F7 (Flyball, 7S)
|
Batting: RHB Peter Agulera
|
0-0: Called Strike 0-1: Ball 1-1: Foul Ball, location: 2F 1-2: DOUBLE (Line Drive, 9LM)
|
Batting: RHB José Morín
|
0-0: Swinging Strike 0-1: Ball 1-1: Ball 2-1: Ball 3-1: Foul Ball, location: 2F 3-2: SINGLE (Line Drive, 8RS) Peter Agulera to third Peter Agulera scores
|
Batting: RHB Jesús Amador
|
0-0: Called Strike 0-1: Ball 1-1: Ball 2-1: Swinging Strike 2-2: Strikes out swinging
|
Top of the 1st over - 1 run(s), 2 hit(s), 0 error(s), 1 left on base; Ft. Polk South 1 - Springfield 0 |
BOTTOM OF THE 1ST |
Springfield Shooters batting - Pitching for Ft. Polk South Thunder Hawks : LHP César Vásquez
|
Pitching: LHP César Vásquez
|
|
Batting: RHB Javier Vásquez
|
0-0: Called Strike 0-1: Called Strike 0-2: Hit by Pitch
|
Batting: RHB Toussiant L'Ouverture
|
0-0: Called Strike 0-1: Ball 1-1: Ball 2-1: Ball 3-1: Base on Balls Javier Vásquez to second
|
Batting: LHB Chris Payling
|
0-0: Ball 1-0: Foul Ball, location: 2F 1-1: SINGLE (Line Drive, 9S) Javier Vásquez to third Toussiant L'Ouverture to second Runner from 3rd tries for Home, SAFE, no throw
|
Batting: LHB Shahid Afridi
|
0-0: Ball 1-0: Ball 2-0: Ball 3-0: Base on Balls Toussiant L'Ouverture to third Chris Payling to second
|
Batting: LHB Guillermo Castro
|
0-0: Ball 1-0: Ball 2-0: Reached on error, E4 (Groundball, 4S) Toussiant L'Ouverture scores Chris Payling to third Shahid Afridi to second
|
Batting: RHB Willis Kirkendall
|
0-0: Ball 1-0: Ball 2-0: Ball 3-0: Base on Balls Chris Payling scores Shahid Afridi to third Guillermo Castro to second
|
Batting: RHB Esteban Alvarado
|
0-0: Ball 1-0: Foul Ball, location: 2F 1-1: Fly out, F8 (Flyball, 78M) Runner from 3rd tags up, SCORES, no throw
|
Batting: LHB Walter Roda
|
0-0: Called Strike 0-1: Ball 1-1: Ball 2-1: Foul Ball, location: 2F 2-2: Ball 3-2: Strikes out looking
|
Batting: RHB Sergio Delgado
|
0-0: Ball 1-0: Fly out, F8 (Line Drive, 8LM)
|
Bottom of the 1st over - 4 run(s), 1 hit(s), 1 error(s), 2 left on base; Ft. Polk South 1 - Springfield 4 |
TOP OF THE 2ND |
Ft. Polk South Thunder Hawks batting - Pitching for Springfield Shooters : RHP Gerald Keller
|
Batting: RHB Jesús Hernández
|
0-0: Ball 1-0: DOUBLE (Line Drive, 7LM)
|
Batting: RHB David Phipps
|
0-0: Ball 1-0: Ball 2-0: Called Strike 2-1: Foul Ball, location: 2F 2-2: Foul Ball, location: 2F 2-2: Ball 3-2: Fly out, F6 (Popup, 6D)
|
Batting: RHB Peter Feng
|
0-0: Ball 1-0: Ball 2-0: Ground out 5-3 (Groundball, 56)
|
Batting: RHB Keith Bane
|
0-0: Ball 1-0: Ball 2-0: 2-RUN HOME RUN (Flyball, 7LD), Distance : 346 ft
|
Batting: RHB Jorge Flores
|
0-0: Ball 1-0: Called Strike 1-1: Foul Ball, location: 2F 1-2: Strikes out swinging
|
Top of the 2nd over - 2 run(s), 2 hit(s), 0 error(s), 0 left on base; Ft. Polk South 3 - Springfield 4 |
BOTTOM OF THE 2ND |
Springfield Shooters batting - Pitching for Ft. Polk South Thunder Hawks : LHP César Vásquez
|
Batting: RHB Javier Vásquez
|
0-0: Ball 1-0: SINGLE (Groundball, 6MD)
|
Batting: RHB Toussiant L'Ouverture
|
0-0: Ball 1-0: SINGLE (Groundball, 4MD) Javier Vásquez to second
|
Batting: LHB Chris Payling
|
0-0: Grounds into double play, 4-6-3 (Groundball, 4) Javier Vásquez to third
|
Batting: LHB Shahid Afridi
|
0-0: Ball 1-0: Foul Ball, location: 2F 1-1: Foul Ball, location: 2F 1-2: Ball 2-2: Ball Wild Pitch! Javier Vásquez scores 3-2: Base on Balls
|
Batting: LHB Guillermo Castro
|
0-0: Called Strike 0-1: Ball 1-1: Called Strike 1-2: Ball Shahid Afridi is caught stealing 2nd base
|
Bottom of the 2nd over - 1 run(s), 2 hit(s), 0 error(s), 0 left on base; Ft. Polk South 3 - Springfield 5 |
TOP OF THE 3RD |
Ft. Polk South Thunder Hawks batting - Pitching for Springfield Shooters : RHP Gerald Keller
|
Batting: RHB Augusto Escobar
|
0-0: Fly out, F8 (Flyball, 89D)
|
Batting: RHB Peter Agulera
|
0-0: Foul Ball, location: 2F 0-1: Foul Ball, location: 2F 0-2: Ball 1-2: Foul Ball, location: 2F 1-2: Ball 2-2: Ball 3-2: Strikes out looking
|
Batting: RHB José Morín
|
0-0: Called Strike 0-1: SINGLE (Flyball, 8LS)
|
Batting: RHB Jesús Amador
|
0-0: Ball 1-0: Called Strike 1-1: Ball 2-1: Called Strike 2-2: Ball 3-2: Strikes out looking
|
Top of the 3rd over - 0 run(s), 1 hit(s), 0 error(s), 1 left on base; Ft. Polk South 3 - Springfield 5 |
BOTTOM OF THE 3RD |
Springfield Shooters batting - Pitching for Ft. Polk South Thunder Hawks : LHP César Vásquez
|
Batting: LHB Guillermo Castro
|
0-0: Ball 1-0: Called Strike 1-1: Foul Ball, location: 2F 1-2: Ground out U3 (Groundball, 3)
|
Batting: RHB Willis Kirkendall
|
0-0: Ball 1-0: Called Strike 1-1: Fly out, F9 (Flyball, 89M)
|
Batting: RHB Esteban Alvarado
|
0-0: Swinging Strike 0-1: Foul Ball, location: 2F 0-2: Ball 1-2: Foul Ball, location: 2F 1-2: Ground out 5-3 (Groundball, 5)
|
Bottom of the 3rd over - 0 run(s), 0 hit(s), 0 error(s), 0 left on base; Ft. Polk South 3 - Springfield 5 |
TOP OF THE 4TH |
Ft. Polk South Thunder Hawks batting - Pitching for Springfield Shooters : RHP Gerald Keller
|
Batting: RHB Jesús Hernández
|
0-0: Ball 1-0: Ball 2-0: Ball 3-0: Base on Balls
|
Batting: RHB David Phipps
|
0-0: Ball 1-0: Called Strike 1-1: SINGLE (Groundball, 34D) Jesús Hernández to second Runner from 2nd tries for 3rd, SAFE, throw made to third
|
Batting: RHB Peter Feng
|
0-0: Ball 1-0: Ball 2-0: Called Strike 2-1: Fly out, F8 (Flyball, 8RM) Runner from 3rd tags up, SCORES, no throw
|
Batting: RHB Keith Bane
|
0-0: Foul Ball, location: 2F 0-1: Ball 1-1: Fly out, F2 (Popup, 3S)
|
Batting: RHB Jorge Flores
|
0-0: Ball 1-0: Foul Ball, location: 2F 1-1: Ball David Phipps steals 2nd base 2-1: Called Strike 2-2: Foul Ball, location: 2F 2-2: Ground out 1-3 (Groundball, 13)
|
Top of the 4th over - 1 run(s), 1 hit(s), 0 error(s), 1 left on base; Ft. Polk South 4 - Springfield 5 |
BOTTOM OF THE 4TH |
Springfield Shooters batting - Pitching for Ft. Polk South Thunder Hawks : LHP César Vásquez
|
Batting: LHB Walter Roda
|
0-0: Called Strike 0-1: Ball 1-1: Fly out, F8 (Line Drive, 8RM)
|
Batting: RHB Sergio Delgado
|
0-0: Ball 1-0: Called Strike 1-1: Ball 2-1: Ball 3-1: Called Strike 3-2: SINGLE (Groundball, 56) (infield hit)
|
Batting: RHB Javier Vásquez
|
0-0: Foul Ball, location: 2F 0-1: Ball 1-1: Foul Ball, location: 2F 1-2: Fly out, F8 (Flyball, 8RM)
|
Pitching: RHP Rubén Sánchez
|
|
Batting: RHB Toussiant L'Ouverture
|
0-0: Called Strike 0-1: Foul Ball, location: 2F 0-2: Fielders Choice at 2nd, 6-4 (Groundball, 6)
|
Bottom of the 4th over - 0 run(s), 1 hit(s), 0 error(s), 0 left on base; Ft. Polk South 4 - Springfield 5 |
TOP OF THE 5TH |
Ft. Polk South Thunder Hawks batting - Pitching for Springfield Shooters : RHP Gerald Keller
|
Batting: RHB Augusto Escobar
|
0-0: Ball 1-0: Ground out 1-3 (Groundball, P)
|
Batting: RHB Peter Agulera
|
0-0: Called Strike 0-1: Fly out, F9 (Flyball, 9S)
|
Batting: RHB José Morín
|
0-0: Ball 1-0: SINGLE (Groundball, 6MD)
|
Batting: RHB Jesús Amador
|
0-0: Called Strike 0-1: Ball 1-1: Swinging Strike 1-2: Ball 2-2: Ball José Morín steals 2nd base 3-2: Strikes out looking
|
Top of the 5th over - 0 run(s), 1 hit(s), 0 error(s), 1 left on base; Ft. Polk South 4 - Springfield 5 |
BOTTOM OF THE 5TH |
Springfield Shooters batting - Pitching for Ft. Polk South Thunder Hawks : RHP Rubén Sánchez
|
Batting: LHB Chris Payling
|
0-0: Called Strike 0-1: Ball 1-1: Ground out 6-3 (Groundball, 6)
|
Batting: LHB Shahid Afridi
|
0-0: Ball 1-0: Ball 2-0: Swinging Strike 2-1: Fly out, F6 (Popup, 6D)
|
Batting: LHB Guillermo Castro
|
0-0: Ball 1-0: Foul Ball, location: 2F 1-1: Swinging Strike 1-2: Strikes out swinging
|
Bottom of the 5th over - 0 run(s), 0 hit(s), 0 error(s), 0 left on base; Ft. Polk South 4 - Springfield 5 |
TOP OF THE 6TH |
Ft. Polk South Thunder Hawks batting - Pitching for Springfield Shooters : RHP Gerald Keller
|
Batting: RHB Jesús Hernández
|
0-0: Called Strike 0-1: Ball 1-1: Foul Ball, location: 2F 1-2: Foul Ball, location: 2F 1-2: Ground out 6-3 (Groundball, 6)
|
Batting: RHB David Phipps
|
0-0: Ball 1-0: Called Strike 1-1: Ball 2-1: Ground out 6-3 (Groundball, 6)
|
Batting: RHB Peter Feng
|
0-0: Ground out 6-3 (Groundball, 6)
|
Top of the 6th over - 0 run(s), 0 hit(s), 0 error(s), 0 left on base; Ft. Polk South 4 - Springfield 5 |
BOTTOM OF THE 6TH |
Springfield Shooters batting - Pitching for Ft. Polk South Thunder Hawks : RHP Rubén Sánchez
|
Batting: RHB Willis Kirkendall
|
0-0: Swinging Strike 0-1: Foul Ball, location: 2F 0-2: Ball 1-2: Ball 2-2: Strikes out swinging
|
Batting: RHB Esteban Alvarado
|
0-0: Ball 1-0: Ball 2-0: Swinging Strike 2-1: Called Strike 2-2: Foul Ball, location: 2F 2-2: Fly out, F8 (Line Drive, 8LD)
|
Batting: LHB Walter Roda
|
0-0: Called Strike 0-1: Ball 1-1: Ball 2-1: Foul Ball, location: 2F 2-2: Foul Ball, location: 2F 2-2: Strikes out looking
|
Bottom of the 6th over - 0 run(s), 0 hit(s), 0 error(s), 0 left on base; Ft. Polk South 4 - Springfield 5 |
TOP OF THE 7TH |
Ft. Polk South Thunder Hawks batting - Pitching for Springfield Shooters : RHP Gerald Keller
|
Batting: RHB Keith Bane
|
0-0: Called Strike 0-1: Swinging Strike 0-2: Ball 1-2: Ball 2-2: Strikes out looking
|
Batting: RHB Jorge Flores
|
0-0: Swinging Strike 0-1: Ball 1-1: Fly out, F7 (Flyball, 78S)
|
Batting: RHB Augusto Escobar
|
0-0: Called Strike 0-1: Ball 1-1: Ball 2-1: Ground out 5-3 (Groundball, 5S)
|
Top of the 7th over - 0 run(s), 0 hit(s), 0 error(s), 0 left on base; Ft. Polk South 4 - Springfield 5 |
BOTTOM OF THE 7TH |
Springfield Shooters batting - Pitching for Ft. Polk South Thunder Hawks : RHP Rubén Sánchez
|
Batting: RHB Sergio Delgado
|
0-0: Ball 1-0: Ball 2-0: Swinging Strike 2-1: Called Strike 2-2: Ball 3-2: Strikes out swinging
|
Batting: RHB Javier Vásquez
|
0-0: Foul Ball, location: 2F 0-1: Swinging Strike 0-2: Ball 1-2: Ball 2-2: Ball 3-2: Base on Balls
|
Pitching: RHP José Molina
|
|
Batting: RHB Toussiant L'Ouverture
|
0-0: Ball 1-0: Called Strike Javier Vásquez steals 2nd base 1-1: Fly out, F7 (Line Drive, 78M)
|
Batting: LHB Chris Payling
|
0-0: Called Strike 0-1: Ball 1-1: Called Strike 1-2: Strikes out swinging
|
Bottom of the 7th over - 0 run(s), 0 hit(s), 0 error(s), 1 left on base; Ft. Polk South 4 - Springfield 5 |
TOP OF THE 8TH |
Ft. Polk South Thunder Hawks batting - Pitching for Springfield Shooters : RHP Gerald Keller
|
Pitching: RHP Kozue Koga
|
|
Batting: RHB Peter Agulera
|
0-0: Called Strike 0-1: Called Strike 0-2: Foul Ball, location: 2F 0-2: Strikes out looking
|
Pitching: RHP Wyatt Meek
|
|
Batting: RHB José Morín
|
0-0: Called Strike 0-1: Swinging Strike 0-2: Ball 1-2: Strikes out swinging
|
Batting: RHB Jesús Amador
|
0-0: Foul Ball, location: 2F 0-1: SINGLE (Groundball, 56D)
|
Pinch Hitting: LHB Jim Unknown
|
0-0: Foul Ball, location: 2F 0-1: Ball 1-1: Called Strike 1-2: Ball 2-2: Ball Pickoff Throw to First - Error! E1 Jesús Amador to second 3-2: Ground out 4-3 (Groundball, 34)
|
Top of the 8th over - 0 run(s), 1 hit(s), 1 error(s), 1 left on base; Ft. Polk South 4 - Springfield 5 |
BOTTOM OF THE 8TH |
Springfield Shooters batting - Pitching for Ft. Polk South Thunder Hawks : RHP José Molina
|
Now in RF: Jim Unknown
|
|
Batting: LHB Shahid Afridi
|
0-0: Fly out, F4 (Popup, 4D)
|
Batting: LHB Guillermo Castro
|
0-0: Ball 1-0: Ball 2-0: Called Strike 2-1: Fly out, F7 (Flyball, 78S)
|
Batting: RHB Willis Kirkendall
|
0-0: Called Strike 0-1: Foul Ball, location: 2F 0-2: Strikes out swinging
|
Bottom of the 8th over - 0 run(s), 0 hit(s), 0 error(s), 0 left on base; Ft. Polk South 4 - Springfield 5 |
TOP OF THE 9TH |
Ft. Polk South Thunder Hawks batting - Pitching for Springfield Shooters : RHP Wyatt Meek
|
Pitching: RHP Ernst Chia
|
|
Now at 1B: Tony Cantú
|
|
Now in LF: Sergio Cortéz
|
|
Batting: RHB David Phipps
|
0-0: Ball 1-0: Ball 2-0: Foul Ball, location: 2F 2-1: Swinging Strike 2-2: Strikes out swinging
|
Pinch Hitting: RHB Jim Unknown
|
0-0: Called Strike 0-1: Swinging Strike 0-2: Ball 1-2: Ball 2-2: Foul Ball, location: 2F 2-2: Strikes out looking
|
Batting: RHB Keith Bane
|
0-0: Called Strike 0-1: Ball 1-1: Called Strike 1-2: Ground out 6-3 (Groundball, 6)
|
Top of the 9th over - 0 run(s), 0 hit(s), 0 error(s), 0 left on base; Ft. Polk South 4 - Springfield 5 |
|